 Dungeon Crawl Stone Soup version 0.30.1-8-g117510f58f (webtiles) character file.

Game seed: 6428292573307397416

6 LuckyKittyKathy the Trooper (level 1, 0/20 HPs)
             Began as a Minotaur Berserker on Sept 22, 2023.
             Was a Follower of Trog.
             Slain by a kobold
             ... wielding a +0 dagger
              (3 damage)
             ... on level 1 of the Dungeon.
             The game lasted 00:00:47 (196 turns).

LuckyKittyKathy the Trooper (Minotaur Berserker)     Turns: 196, Time: 00:00:48

Health: 0/20       AC:  2    Str: 21    XL:     1   Next: 75%
Magic:  0/0        EV: 12    Int:  4    God:    Trog [*.....]
Gold:   12         SH:  0    Dex:  9    Spells: 0/0 levels left

rFire   . . .        a - +0 hand axe
rCold   . . .        (no shield)
rNeg    . . .        b - +0 animal skin
rPois   .            (helmet restricted)
rElec   .            (no cloak)
rCorr   .            (no gloves)
SInv    .            (no boots)
Will    .....        (no amulet)
Stlth   +            (no ring)
HPRegen 0.23/turn    (no ring)
MPRegen 0.07/turn

%: no passive effects
@: no status effects
A: horns 2, retaliatory headbutt
a: Renounce Religion, Berserk


You were on level 1 of the Dungeon.
You worshipped Trog.
Trog was aware of your devotion.
You visited 1 branch of the dungeon, and saw 1 of its levels.

You collected 12 gold pieces.

Inventory:

Hand Weapons
 a - a +0 hand axe (weapon)
Armour
 b - a +0 animal skin (worn)
Scrolls
 e - a scroll of blinking {unknown}
 f - a scroll of immolation {unknown}
Potions
 d - a potion of brilliance {unknown}
 g - 2 potions of heal wounds {unknown}


   Skills:
 + Level 3.8 Fighting
 + Level 3.8 Axes
 + Level 2.5 Armour
 + Level 2.3 Dodging


You couldn't memorise any spells.
You didn't know any spells.
Your spell library was empty.

Dungeon Overview and Level Annotations

Branches:
Dungeon (1/15)

Altars:


Innate Abilities, Weirdness & Mutations

You have a pair of horns on your head.
You reflexively headbutt those who attack you in melee.


Message History

The kobold attacks as you move away! The kobold hits you with a +0 dagger.
Found a ring mail.
The frilled lizard bites you but does no damage.
You barely miss the frilled lizard. You miss the kobold.
The frilled lizard bites you but does no damage.
The kobold hits you with a +0 dagger.
You barely miss the frilled lizard. You closely miss the kobold.
The kobold closely misses you.
The frilled lizard bites you but does no damage.
The kobold closely misses you. The frilled lizard barely misses you.
You closely miss the frilled lizard. You hit the kobold.
The frilled lizard barely misses you. You furiously retaliate!
You headbutt the frilled lizard!
You kill the frilled lizard!
Trog accepts your kill. The kobold hits you with a +0 dagger.
The kobold attacks as you move away! The kobold barely misses you.
A bat comes into view.
You hit the bat. Your headbutt misses the bat.
The bat is moderately wounded.
You closely miss the kobold. The bat hits you but does no damage.
The kobold hits you with a +0 dagger. The kobold attacks as you move away!
The kobold hits you with a +0 dagger. The bat completely misses you.
The kobold attacks as you move away! The kobold hits you with a +0 dagger.
* * * LOW HITPOINT WARNING * * *
The bat hits you.
* * * LOW HITPOINT WARNING * * *
You closely miss the kobold.
You headbutt the kobold, but do no damage.
The kobold is moderately wounded.
The bat hits you.
* * * LOW HITPOINT WARNING * * *
The kobold hits you with a +0 dagger.
* * * LOW HITPOINT WARNING * * *
As you read the scroll labelled GUYSCH HUAT, it crumbles to dust.
The scroll dissolves into smoke.
It was a scroll of fog.
The kobold hits you but does no damage. The kobold hits you with a +0 dagger.
You die...

#..........#
#..........#
#..........#
#..........#
#.[........# #
#.......§§§# .#
#######.......§§§# ..#
..............§K§#...#
..#...........§§@§§.....
....##############§.....
....# ...... .##.# .....
.##.# #.... ..... ....
###.## ... #


You could see a kobold.

Vanquished Creatures
  A goblin (D:1)
  2 hobgoblins (D:1)
  2 frilled lizards (D:1)
  A rat (D:1)
6 creatures vanquished.

Notes
Turn   | Place    | Note
-------+----------+-------------------------------------------
     0 | D:1      | LuckyKittyKathy the Minotaur Berserker began the quest for
                  | the Orb.
     0 | D:1      | Reached XP level 1. HP: 19/19 MP: 0/0
   196 | D:1      | Slain by a kobold

Illustrated notes

Levels and vault maps discovered:
D:1:      evilmike_arrival_hilbert_curve, layout_rooms

Action                     || total
---------------------------++-------
  Melee: Hand axe          ||    10
         Headbutt          ||     3
    Use: Scroll            ||     1
 Armour: Animal skin       ||     7
  Dodge: Dodged            ||     7
